[Event "Early-Titled-Tuesday-Blitz-February-06-2024"]
[Site "Chess.com"]
[Date "2024.02.06"]
[Round "10"]
[White "wonderfultime"]
[Black "AnishOnYoutube"]
[Result "1/2-1/2"]
[WhiteElo "3058"]
[BlackElo "3019"]
[TimeControl "180+1"]
[EndTime "9:56:37 PST"]
[Termination "Game drawn by agreement"]

1. d4 Nf6 2. Nf3 d5 3. Bf4 Bf5 4. c4 e6 5. Qb3 dxc4 6. Qxc4 Nc6 7. e3 Bd6 8. Bg3 Nb4 9. Na3 O-O 10. Be2 a5 11.
O-O c6 12. Rfc1 h6 13. Qb3 Ne4 14. Nc4 Nxg3 15. hxg3 a4 16. Qd1 Be7 17. a3 Nd5 18. Bd3 Bxd3 19. Qxd3 Qc7 20. Rc2 Rfd8 21. Rac1 Nb6 22.
Ncd2 Nd7 23. Qe2 Qb6 24. g4 Qa6 25. Qd1 Qb5 26. Ne4 Nf6 27. Nc3 Qa5 28. Ne5 Bd6 29. f4 Bxe5 30. fxe5 Nd5 31. Qf3 Nxc3 32. bxc3 Qc7 33. c4 c5 34. Rd1 Rd7 35. Qe4 cxd4 36. exd4 Rad8 37. Kh1 Qb6 38. d5 Qb3 39. d6 Qxa3 40.
c5 Rc8 41. Rb1 Rxc5 42. Rxc5 Qxc5 43. Qxa4 Rd8 44. Rb5 Qc1+ 45. Kh2 Qg5 46. Qe4 Rc8 47. Rb1 b5 48. Kg1 b4 49. Rxb4 Rc1+ 50. Kf2 Qd2+ 51. Kg3 Rc3+ 52. Kh2 Rc8 53. Rd4 Qg5 54. Rd3 Qh4+ 55.
Rh3 Qg5 56. Rf3 Qh4+ 57. Rh3 Qg5 58. Qe3 Qxe3 59. Rxe3 Kf8 60. Ra3 f6 61. Ra7 fxe5 62. Re7 Rd8 63. Rxe6 Kf7 64. Rxe5 Rxd6 65. Kg3 Kf6 66.
Rf5+ 1/2-1/2

[Event "Early-Titled-Tuesday-Blitz-February-06-2024"]
[Site "Chess.com"]
[Date "2024.02.06"]
[Round "10"]
[White "Cubitas"]
[Black "ClaudiaSof"]
[Result "0-1"]
[WhiteElo "2666"]
[BlackElo "2298"]
[TimeControl "180+1"]
[EndTime "9:56:37 PST"]
[Termination "ClaudiaSof won by checkmate"]

1. b3 e5 2. Bb2 Nc6 3. e3 Nf6 4. Bb5 Bd6 5. Nf3 Qe7 6. d4 e4 7.
Nh4 g6 8. c4 Bb4+ 9. Nd2 a6 10.
Ba4 d5 11. g3 Bd7 12. a3 Bxd2+ 13. Qxd2 Nb8 14. Bxd7+ Nbxd7 15. a4 Qe6 16. Ba3 dxc4 17.
bxc4 Qxc4 18. a5 Qd3 19. Qb2 Nd5 20. Rb1 Rb8 21. Ng2 Qc3+ 22. Qxc3 Nxc3 23. Rc1 Nb5 24. Nf4 Nxa3 25. Rxc7 Nf6 26. Ke2 Nb5 27. Rc5 O-O 28. Rhc1 Rfd8 29. g4 h6 30. g5 hxg5 31. Rxg5 Kg7 32.
Rcg1 Rh8 33. h3 Rbc8 34. Re5 Rc7 35. f3 Nc3+ 36. Kf2 exf3 37. Kxf3 Nb5 38. d5 Rd7 39. e4 Nd6 40. Re1 Rc8 41. Rg5 Rc3+ 42. Kg2 Ndxe4 43. Re5 Rc2+ 44. Kf3 Nd6 45. Nd3 Nf5 46.
Nf4 Rc3+ 47. Kg2 Rc5 48. Ne6+ fxe6 49. dxe6 Re7 50. Rxc5 Ne8 51. Rce5 Kf6 52. R1e2 Ned6 53. Re1 Ne8 54. Kh2 Neg7 55. R5e2 Rxe6 56. Rxe6+ Nxe6 57. Rb1 Nd6 58. Rb6 Ke5 59. h4 Kd5 60. Kh3 Nd4 61. Rb1 N4f5 62. Rd1+ Kc6 63. Kg4 Kb5 64. Kg5 Kxa5 65.
Kxg6 Nxh4+ 66. Kg5 Nhf5 67. Kf4 b5 68. Ke5 b4 69. Ra1+ Kb5 70. Kd5 a5 71. Rb1 a4 72.
Rc1 b3 73. Rc5+ Kb4 74. Rc7 b2 75. Rc1 bxc1=Q 76. Ke6 Qc4+ 77. Kd7 Nb5 78. Kd8 Qf7 79. Kc8 Qc7# 0-1

[Event "Early-Titled-Tuesday-Blitz-February-06-2024"]
[Site "Chess.com"]
[Date "2024.02.06"]
[Round "10"]
[White "FREDERICKtheMATE"]
[Black "Jumbo"]
[Result "0-1"]
[WhiteElo "2664"]
[BlackElo "2850"]
[TimeControl "180+1"]
[EndTime "9:56:38 PST"]
[Termination "Jumbo won by checkmate"]

1. d4 Nf6 2. c4 e6 3. Nf3 Bb4+ 4.
Bd2 c5 5. Bxb4 cxb4 6. a3 bxa3 7.
Rxa3 b6 8. Nc3 Bb7 9. e3 O-O 10. Bd3 Nc6 11. O-O d6 12. Qd2 Re8 13. Ne4 a5 14. Nxf6+ Qxf6 15. Be4 Qe7 16. Ne1 Rec8 17. Nd3 Qd7 18. Rfa1 Ne7 19. Bxb7 Qxb7 20. b3 h6 21. h3 Rab8 22. Qa2 Qc6 23. Ra4 Nf5 24. Qe2 Qe4 25. Kf1 b5 26. cxb5 Rxb5 27. Nc5 Qc6 28. Nd3 Qb6 29. Nf4 Rc3 30. Kg1 Rcxb3 31. Qd2 Rb1+ 32.
Rxb1 Rxb1+ 33. Kh2 Rb2 34. Qe1 Rb5 35. Qc3 Kh7 36. Nd3 Ne7 37. e4 d5 38. e5 Nc6 39. h4 Rb3 40. Qc5 Qxc5 41. Nxc5 Rb4 42. Rxb4 Nxb4 43. Kg3 Nc2 44. Na4 Nxd4 45. f4 Kg6 46. Kg4 h5+ 47. Kh3 Kf5 48. g3 Ke4 49.
Kg2 Kd3 50. Kf2 Nf5 51. Kf3 d4 52. Nc5+ Kc2 53. Ke4 Nxg3+ 54. Kxd4 Nf5+ 55. Ke4 Nxh4 56. Na4 Nf5 57. Kf3 Kb3 58. Nc5+ Kb4 59. Nd3+ Kb5 60.
Nf2 a4 61. Ne4 a3 62. Nc3+ Kc4 63. Na2 Kb3 64. Nc1+ Kb2 65. Nd3+ Kb1 66. Nb4 a2 67.
Nxa2 Kxa2 68. Kg2 Kb3 69. Kh1 Kc4 70. Kg2 Kd4 71. Kh1 Ke4 72. Kg2 Kxf4 73. Kh1 g5 74. Kg2 g4 75. Kh1 h4 76. Kg1 Kxe5 77. Kh1 Kf4 78. Kh2 h3 79. Kg1 g3 80. Kf1 Nh4 81.
Ke2 Nf3 82. Kd3 g2 83. Kc4 g1=Q 84. Kb5 Qc1 85. Ka6 Qb2 86. Ka7 Qb5 87. Ka8 Nd4 88. Ka7 Nc6+ 89. Ka8 Qb8# 0-1

[Event "Early-Titled-Tuesday-Blitz-February-06-2024"]
[Site "Chess.com"]
[Date "2024.02.06"]
[Round "10"]
[White "Massakru"]
[Black "andrzej"]
[Result "1/2-1/2"]
[WhiteElo "2337"]
[BlackElo "2424"]
[TimeControl "180+1"]
[EndTime "9:56:39 PST"]
[Termination "Game drawn - insufficient material"]

1. e4 e5 2. d4 exd4 3. Qxd4 Nc6 4. Qe3 g6 5. Bd2 Bg7 6. Nc3 Nf6 7. O-O-O O-O 8. f3 Re8 9. Qg5 d5 10. exd5 Nb4 11.
Bc4 Bf5 12. Bb3 Nfxd5 13. Qxd8 Raxd8 14. Nxd5 Nxd5 15. Bg5 Nf6 16. Rxd8 Rxd8 17. Ne2 h6 18. Bh4 g5 19. Bf2 b6 20. Nd4 Bd7 21. Rd1 Re8 22.
a4 a6 23. Re1 c5 24. Rxe8+ Nxe8 25. Ne2 Nd6 26. c3 c4 27. Bc2 b5 28. axb5 axb5 29. Bd4 f6 30. Ng3 Kf7 31. b3 cxb3 32. Bxb3+ Be6 33. Bc2 f5 34. Ne2 Bc4 35. Bxg7 Kxg7 36.
Nd4 Kf6 37. Kd2 f4 38. Bd3 Ke5 39. Nc6+ Kd5 40. Nb4+ Kc5 41. Nc2 Kd5 42. Nb4+ Ke5 43.
Nc6+ Kf6 44. Nd4 Bxd3 45. Kxd3 Ke5 46. Nc6+ Kd5 47. Nb4+ Ke5 48. Nc6+ Kd5 49. Nd4 Kc5 50. Ne6+ Kd5 51. Nd4 Kc5 52. Ne6+ Kc6 53. Kd4 Nf5+ 54. Ke5 Ne3 55. g3 Nf1 56. gxf4 gxf4 57. Kxf4 Nxh2 58. Kg3 Nf1+ 59. Kh4 Nd2 60. f4 Kd5 61. Nc7+ Kc4 62. Nxb5 Kxb5 63. Kh5 Kc4 64. Kxh6 Kxc3 65. f5 Ne4 66.
Kg6 Kd4 67. Kf7 Nd6+ 68. Ke6 Nxf5 1/2-1/2

[Event "Early-Titled-Tuesday-Blitz-February-06-2024"]
[Site "Chess.com"]
[Date "2024.02.06"]
[Round "10"]
[White "AlexandraSamaganova"]
[Black "atomicmate123"]
[Result "0-1"]
[WhiteElo "2351"]
[BlackElo "2337"]
[TimeControl "180+1"]
[EndTime "9:56:39 PST"]
[Termination "atomicmate123 won on time"]

1. c4 e6 2. Nc3 d5 3. e3 Nf6 4. Nf3 c5 5. d4 Nc6 6. cxd5 Nxd5 7.
Bd3 cxd4 8. exd4 Bd6 9. O-O h6 10. Re1 O-O 11. a3 a6 12. Bc2 Nf6 13. Qd3 Ne7 14. Ne4 Nxe4 15. Qxe4 Ng6 16. Qe2 b5 17. Bxg6 fxg6 18. Qe4 Rb8 19. Qxg6 Rf6 20. Qh5 Bb7 21.
Ne5 Bxe5 22. Qxe5 Rc8 23. Be3 Rc2 24. Rac1 Rxc1 25. Rxc1 Bd5 26. Rc7 Kh8 27. h3 Qe8 28. Qd6 Qg6 29. Rc8+ Kh7 30. g3 Qb1+ 31. Rc1 Qe4 32.
Kf1 Qg2+ 33. Ke2 Qf3+ 34. Kd2 Bc4 35. Re1 Qe4 36. Qe5 Qd3+ 37. Kc1 Bb3 38. Qc7 Rf7 39. Qc3 Qxc3+ 40. bxc3 Rc7 41. Kb2 Bc4 42. Bf4 Rc6 43. Be5 Kg6 44. Re3 Kf5 45. Rf3+ Kg6 46. Rf8 Kh7 47.
Rf7 Kg6 48. Rxg7+ Kf5 49. Rf7+ Ke4 50. Rf4+ Kd3 51. Rf3+ Ke2 52. Rf6 Bd5 53. g4 Kd2 54. h4 Rxc3 55. Bf4+ Kd3 56. Bxh6 Rc2+ 57. Kb1 Kc3 58. Rf8 Kb3 0-1

[Event "Early-Titled-Tuesday-Blitz-February-06-2024"]
[Site "Chess.com"]
[Date "2024.02.06"]
[Round "10"]
[White "M1711"]
[Black "BogdanDeac"]
[Result "0-1"]
[WhiteElo "2658"]
[BlackElo "3002"]
[TimeControl "180+1"]
[EndTime "9:56:42 PST"]
[Termination "BogdanDeac won on time"]

1. e4 c6 2. d4 d5 3. Nd2 Qc7 4. Ngf3 Bg4 5. c3 e6 6. h3 Bh5 7. Bd3 Nf6 8. O-O Be7 9. Re1 a5 10. exd5 Nxd5 11. Ne4 a4 12. Ng3 Bg6 13. Bxg6 hxg6 14.
Ne5 Nd7 15. Nd3 a3 16. c4 Nb4 17. bxa3 Nxd3 18. Qxd3 Qa5 19. Re2 O-O 20. Rb1 b6 21.
Qe4 Rfc8 22. Rb3 Qa4 23. Qd3 Rd8 24. Qc2 b5 25. cxb5 cxb5 26. Be3 Nf6 27. Qb1 Nd5 28. Rc2 Rdc8 29. Rxc8+ Rxc8 30. Ne2 Qc4 31. Qf1 Ra8 32. Ng3 Bxa3 33. Rxb5 Qxa2 34. Qb1 Qxb1+ 35. Rxb1 f5 36. Ne2 Bd6 37. Kf1 Ra3 38. g3 Nxe3+ 39. fxe3 Rxe3 40. Kf2 Re4 41. Kf3 g5 42. Rb6 Be7 43. Kf2 Bf6 44.
Rd6 Kf7 45. Rd7+ Ke8 46. Rb7 g4 47. hxg4 Rxg4 48. Kf3 Re4 49. Ra7 g5 50. Rb7 g4+ 51.
Kf2 Bxd4+ 52. Kf1 Be5 53. Rb6 Ke7 54. Rb7+ Kf6 55. Ra7 Rb4 56. Ra8 Rb1+ 57. Kf2 Rb2 58. Kf1 Rb8 59. Ra7 Rb1+ 60. Kf2 Rb2 61. Kf1 Rb3 62. Kf2 Rf3+ 63. Kg2 Bd6 64. Ra8 Bc5 65. Nf4 Bd6 66. Ne2 Ra3 0-1

[Event "Early-Titled-Tuesday-Blitz-February-06-2024"]
[Site "Chess.com"]
[Date "2024.02.06"]
[Round "10"]
[White "Predator0608"]
[Black "PavelShkapenko"]
[Result "0-1"]
[WhiteElo "2539"]
[BlackElo "2755"]
[TimeControl "180+1"]
[EndTime "9:56:44 PST"]
[Termination "PavelShkapenko won by resignation"]

1. e4 e5 2. Nf3 Nc6 3. Bc4 d6 4.
d4 Nf6 5. O-O Nxe4 6. Bd5 Nf6 7.
Bxc6+ bxc6 8. dxe5 Nd5 9. c4 Nb6 10. Re1 Be6 11. exd6 Qxd6 12. Qc2 Be7 13. b3 O-O 14.
Ba3 c5 15. Nc3 Qf4 16. Rad1 Bd6 17. Bc1 Qf5 18. Qxf5 Bxf5 19. Nb5 Rfd8 20. Kf1 Bg4 21. Rd3 a6 22. Nc3 Bf8 23. Red1 Be7 24. Ne5 Bf5 25. Rxd8+ Rxd8 26. Rxd8+ Bxd8 27. Be3 Bf6 28. f4 Bxe5 29.
fxe5 Nd7 30. Nd5 Bb1 31. Nc3 Bd3+ 32. Kf2 Nxe5 33. Bxc5 f6 34. Ke3 Bg6 35. Kd4 c6 36. Ne4 Bxe4 37. Kxe4 Kf7 38. Bd4 Nd7 39. b4 Ke6 40.
Be3 h5 41. a4 g5 42. Kd4 c5+ 43. bxc5 Nb8 44. c6 Nxc6+ 45. Kc5 Ne5 46. Bd4 Nd3+ 47.
Kb6 f5 48. c5 Nb4 49. Ka5 Nc6+ 50. Kxa6 Nxd4 51. Kb7 Kd5 52. Kb6 f4 53. a5 Nc6 54.
a6 g4 55. a7 Nxa7 56. Kxa7 Kxc5 57. Kb7 f3 58. gxf3 gxf3 59. Kc7 f2 60. Kb8 f1=Q 61. Ka8 Qh3 62. Kb8 Qxh2+ 63. Ka8 Qg3 64. Kb7 h4 65.
Ka8 h3 66. Ka7 Qg7+ 67. Ka8 Kb6 0-1

[Event "Early-Titled-Tuesday-Blitz-February-06-2024"]
[Site "Chess.com"]
[Date "2024.02.06"]
[Round "10"]
[White "Hovik_Hayrapetyan"]
[Black "The_Machine04"]
[Result "1/2-1/2"]
[WhiteElo "2886"]
[BlackElo "2713"]
[TimeControl "180+1"]
[EndTime "9:56:50 PST"]
[Termination "Game drawn by repetition"]

1. d4 d6 2. Nf3 Nf6 3. c4 g6 4. Nc3 Bf5 5. g3 Ne4 6. Bg2 Nxc3 7. bxc3 Be4 8. O-O Bg7 9. Bh3 Bxf3 10. exf3 O-O 11. f4 c5 12. Rb1 Qc7 13. f5 Nc6 14. fxg6 hxg6 15. Be3 b6 16. Qg4 Na5 17. d5 Qb7 18.
Rfc1 Qa6 19. Bf1 Qc8 20. Qe4 Re8 21. h4 e6 22. dxe6 Qxe6 23. Qxe6 fxe6 24. Rc2 Rad8 25. Rd1 Kf7 26. Rcd2 Be5 27. Bg5 Rd7 28. f4 Bxc3 29. Rxd6 Rxd6 30. Rxd6 Bf6 31. Rd7+ Re7 32. Rxe7+ Kxe7 33.
Kf2 Kf7 34. Ke3 Bd4+ 35. Ke4 Nc6 36. g4 Bf6 37. h5 gxh5 38. gxh5 Nd4 39. h6 Kg6 40.
Bh3 Bh8 41. a4 a6 42. Bf1 Nf5 43. Bd3 Nxh6 44. Bd8 Nf5 45. Bxb6 Bd4 46. a5 Kf6 47. Bc2 Nd6+ 48. Kd3 e5 49. fxe5+ Kxe5 50. Ba4 Ke6 51. Bc6 Ke7 52. Bc7 Ke6 53. Bb6 Ke7 54. Bd5 Kd7 55. Bf3 Ke6 56. Bg4+ Ke5 57. Bc7 Bb2 58. Bc8 Ba3 59.
Bxa6 Ke6 60. Bb5 Nxb5 61. cxb5 Kd5 62. a6 c4+ 63. Kc3 Bc5 64. b6 Kc6 65. a7 Kb7 66.
Kxc4 Bxb6 67. Bxb6 Ka8 68. Kb5 Kb7 69. Bc5 Ka8 70. Kc4 Kb7 71. Kd5 Ka8 72. Bd4 Kb7 73.
Kc5 Ka8 74. Kb5 Kb7 75. Ka5 Ka8 76. Kb5 Kb7 77. Ka5 Ka8 78. Kb5 1/2-1/2

[Event "Early-Titled-Tuesday-Blitz-February-06-2024"]
[Site "Chess.com"]
[Date "2024.02.06"]
[Round "10"]
[White "PapaieDudu"]
[Black "RantomOpening"]
[Result "0-1"]
[WhiteElo "2414"]
[BlackElo "2539"]
[TimeControl "180+1"]
[EndTime "9:56:56 PST"]
[Termination "RantomOpening won by resignation"]

1. e4 c5 2. Nf3 e6 3. d4 cxd4 4. Nxd4 Nf6 5. Nc3 Nc6 6. Bg5 Bb4 7. Be2 h6 8. Nxc6 bxc6 9. Bd2 d5 10. e5 Nd7 11. a3 Ba5 12. f4 Bb6 13. Na4 Nc5 14.
Nxb6 axb6 15. Bf3 Qh4+ 16. g3 Qe7 17. O-O h5 18. Rf2 h4 19. g4 h3 20. Bb4 Qh4 21. c4 O-O 22. Qd4 Nb3 23. Qd1 Nxa1 24. Bxf8 Kxf8 25.
Qxa1 Ba6 26. b3 dxc4 27. bxc4 Rd8 28. Qb1 Bxc4 29. Qb4+ c5 30. Qxc4 Rd4 31. Qc1 Qd8 32. Rf1 Rd2 33. Rf2 Rd3 34. Rf1 Qd4+ 35. Kh1 c4 36. f5 Qxe5 37. Qxc4 Rd2 38. Qc8+ Ke7 39. Qb7+ Kf6 40. g5+ Kxg5 41. Qe7+ Qf6 42. Rg1+ Kxf5 43.
Bg4+ Kg6 44. Bxe6+ Kh6 45. Qxf6+ gxf6 46. Bxf7 f5 47.
Rg3 Rd1+ 48. Rg1 Rd2 49. Rf1 Kg5 50. Be6 f4 51. Bxh3 Ra2 52. Rf3 Kh4 53. Bf1 Ra1 54.
Kg1 Kg5 55. h3 Ra2 56. Rf2 Rxa3 57. Bg2 b5 58. Rb2 Ra5 59. Bf1 Kh4 60. Rb4 Kg3 61. Rb3+ f3 62. Kh1 Ra1 63. Rxf3+ Kxf3 64. Kh2 Rxf1 65. h4 Kg4 66. h5 Kxh5 67. Kg3 Rc1 68. Kf4 b4 69. Ke3 b3 70. Kd2 b2 71. Kd3 b1=Q+ 0-1

[Event "Early-Titled-Tuesday-Blitz-February-06-2024"]
[Site "Chess.com"]
[Date "2024.02.06"]
[Round "10"]
[White "Al_Shima"]
[Black "esrosenberg"]
[Result "1/2-1/2"]
[WhiteElo "2342"]
[BlackElo "2426"]
[TimeControl "180+1"]
[EndTime "9:56:56 PST"]
[Termination "Game drawn by repetition"]

1. d4 g6 2. Nc3 Bg7 3. e4 d5 4.
exd5 Nf6 5. Bb5+ Bd7 6. Bc4 O-O 7. Nf3 Bg4 8. h3 Bxf3 9. Qxf3 c6 10. Be3 b5 11. Bb3 b4 12. Ne2 cxd5 13. O-O e6 14. a3 Nc6 15. axb4 Nxb4 16. Ra4 a5 17. Rfa1 Ne4 18.
c3 Nc6 19. Bc2 Qb6 20. Bxe4 dxe4 21. Qxe4 Qxb2 22. Qxc6 Qxe2 23. Rxa5 Rac8 24. Qe4 Rxc3 25. Ra8 Rcc8 26. Rxc8 Rxc8 27. Ra8 Qc4 28. Rxc8+ Qxc8 29. g3 h5 30. h4 Qd7 31. Kg2 Bf6 32. Qa8+ Kg7 33.
Qe4 Qd6 34. Kh2 Qb4 35. Kg2 e5 36. Qf3 exd4 37. Bh6+ Kxh6 38. Qxf6 Qb7+ 39. Kh2 Kh7 40. Qxd4 Qf3 41. Kg1 Kg8 42. Qd8+ Kg7 43. Qd2 Qf6 44.
Kh2 Kf8 45. Kg2 Ke7 46. Qb4+ Ke6 47. Qb6+ Ke7 48. Qc7+ Kf8 49. Qc8+ Kg7 50. Qc2 g5 51. hxg5 Qxg5 52. Qc3+ Kg6 53. Qd3+ Kg7 54. Qd4+ Kg8 55. Qd7 h4 56. Qc8+ Kg7 57. Qc3+ f6 58. Qc7+ Kg6 59.
Qc2+ Kg7 60. Qc7+ Kg6 61. Qc2+ f5 62. Qc6+ Kg7 63. Qd7+ Kg6 64. Qe8+ Kg7 65. Qd7+ Kf8 66. Qc8+ Kf7 67. Qd7+ Kf8 68. Qd6+ Ke8 69. Qe6+ Kd8 70.
Qd5+ Ke7 71. Qe5+ Kf7 72. Qd5+ Kg7 73. Qd7+ 1/2-1/2

[Event "Early-Titled-Tuesday-Blitz-February-06-2024"]
[Site "Chess.com"]
[Date "2024.02.06"]
[Round "10"]
[White "Meri-Arabidze"]
[Black "chess123456s"]
[Result "0-1"]
[WhiteElo "2714"]
[BlackElo "2568"]
[TimeControl "180+1"]
[EndTime "9:56:59 PST"]
[Termination "chess123456s won by resignation"]

1. Nf3 d5 2. b3 Bg4 3. Bb2 Bxf3 4. exf3 e6 5. d4 Nf6 6. Bd3 Bd6 7. Nd2 O-O 8. g3 c6 9. f4 Nbd7 10. Qe2 a5 11. Nf3 a4 12. O-O Qe7 13. Ne5 Ba3 14.
Bxa3 Qxa3 15. g4 Nxe5 16. fxe5 Nd7 17. Qe3 c5 18. Qh3 g6 19. Qh6 cxd4 20. f4 axb3 21.
f5 exf5 22. gxf5 Kh8 23. f6 Rg8 24. Rf3 Qf8 25. Qh4 Nxe5 26. Rh3 h5 27. Qg5 Nxd3 28. cxd3 Rxa2 29. Rf1 Kh7 30. Kh1 Qh6 31. Qxd5 Rf8 32. Qxb3 Qd2 33. Rg1 Qf2 34. Qd5 Qe2 35. Qxd4 Rd2 36.
Qd5 Rd1 37. Rxd1 Qxd1+ 38. Kg2 Qg4+ 39. Rg3 Qe2+ 40. Kg1 Qe1+ 41. Kg2 Qe2+ 42. Kh3 Qe6+ 43. Qxe6 fxe6 44. Rf3 g5 45. Kg3 Kg6 46. Re3 Rxf6 47. Re5 h4+ 48. Kg2 Kh5 49. Rb5 Rf5 50. Rb6 Rd5 51.
Rxb7 Rxd3 52. Re7 Re3 53. Kf2 Re5 54. h3 Kg6 55. Re8 Kf6 56. Rf8+ Ke7 57. Rg8 Kf7 58. Rh8 Rb5 59. Kf3 Kf6 60. Rf8+ Kg6 61. Re8 Rb3+ 62. Ke4 Rxh3 63. Rxe6+ Kh5 64. Re8 Ra3 65. Kf5 Rf3+ 66.
Ke4 Kg4 67. Rg8 Rf1 68. Ke3 h3 69. Ke2 Rf7 70. Rh8 Kg3 71. Rg8 g4 72. Rh8 h2 73.
Ke3 Re7+ 74. Kd4 Re1 0-1

[Event "Early-Titled-Tuesday-Blitz-February-06-2024"]
[Site "Chess.com"]
[Date "2024.02.06"]
[Round "10"]
[White "pavet"]
[Black "AlmasRakhmatullaev"]
[Result "0-1"]
[WhiteElo "2773"]
[BlackElo "2918"]
[TimeControl "180+1"]
[EndTime "9:57:02 PST"]
[Termination "AlmasRakhmatullaev won on time"]

1. e4 e5 2. Nf3 Nc6 3. Bc4 Nf6 4.
d3 h6 5. O-O g6 6. Nc3 Bg7 7. a3 d6 8. Re1 O-O 9. h3 Be6 10. Nh2 Qd7 11. Bxe6 fxe6 12. Be3 Rf7 13. Ng4 Kh7 14. Nxf6+ Rxf6 15. Qg4 Raf8 16. f3 R6f7 17. Ne2 a6 18. Rf1 Ne7 19. Rad1 c5 20. c3 Ng8 21. d4 Nf6 22. Qg3 Qb5 23. Rd2 Nxe4 24. fxe4 Rxf1+ 25. Kh2 cxd4 26. cxd4 Qc6 27. Nc3 Qc4 28.
d5 exd5 29. Rxd5 Qc7 30. Qg4 Qe7 31. Rd2 h5 32. Qg3 Ra1 33. Nd5 Qe6 34. Bg5 Rff1 35. Qc3 Qf7 36. Qe3 Rae1 37. Qd3 Rh1+ 38. Kg3 Ref1 39. Rc2 Rhg1 40. Qe3 Re1 41. Qd3 h4+ 42. Bxh4 g5 43. Bxg5 Qg6 44. h4 Qh5 45. Qf3 Qxf3+ 46.
Kxf3 Rgf1+ 47. Kg4 Rxe4+ 48. Kh5 Rd4 49. Nc7 Rf7 50.
Ne6 Rd5 51. Be3 e4+ 52. Ng5+ Kg8 53. g4 Bf6 54. Rc8+ Rf8 55. Rc7 Bxg5 56. hxg5 Rf3 57. Kg6 Kf8 58. Bb6 e3 59. Rh7 e2 60. Rh8+ Ke7 61.
Rh7+ Ke6 62. Rh8 Re5 63. Ba5 Rxa5 64. Re8+ Kd7 65. Rxe2 Re5 66. Rd2 Rf4 0-1

[Event "Early-Titled-Tuesday-Blitz-February-06-2024"]
[Site "Chess.com"]
[Date "2024.02.06"]
[Round "10"]
[White "NastyaHn"]
[Black "chess_blitz00"]
[Result "0-1"]
[WhiteElo "2367"]
[BlackElo "2491"]
[TimeControl "180+1"]
[EndTime "9:57:11 PST"]
[Termination "chess_blitz00 won on time"]

1. Nc3 c5 2. Nf3 Nc6 3. d4 cxd4 4. Nxd4 Nf6 5. e4 e6 6. Ndb5 a6 7. Nd6+ Bxd6 8. Qxd6 Qe7 9. Qxe7+ Kxe7 10. f4 d6 11.
Bd3 b5 12. Be3 Bb7 13. O-O-O Nb4 14. a3 Nxd3+ 15. cxd3 Rac8 16. Kb1 d5 17. e5 Nd7 18. Bd4 h5 19. Ne2 a5 20. Rc1 Ba6 21. b4 a4 22.
Kb2 Rxc1 23. Rxc1 Rc8 24. Rxc8 Bxc8 25. Nc3 Ba6 26. Kc2 Kd8 27. Kd2 Nb8 28. Ne2 Nc6 29. Bc5 Ke8 30. Ke3 Nb8 31. Nd4 Kd7 32. h3 g6 33. g4 hxg4 34. hxg4 Nc6 35. Nf3 Ke8 36.
Ng5 Bc8 37. Nh7 Bd7 38. Nf6+ Kd8 39. Bd6 Bc8 40. Nh7 Bb7 41. Ng5 d4+ 42. Kd2 Ke8 43. Bc5 Ba8 44. Ne4 Nd8 45. Nd6+ Kd7 46. Nxb5 g5 47.
fxg5 Bf3 48. Nxd4 Bxg4 49. Ke3 Nc6 50. Nb5 Bh5 51. d4 Bg6 52. Nc3 Bc2 53. Kf4 Nd8 54. b5 Nb7 55. Na2 Bd3 56. b6 Bc4 57. Nb4 Bb3 58. g6 fxg6 59. Kg5 Na5 60. Kxg6 Nc4 61. Na6 Kc6 62. Kf6 Kb7 63. Nc7 Ne3 64. Nxe6 Nd5+ 65. Kf7 Nc3 66. Ke7 Nd5+ 67. Kd6 Ne3 68. Nd8+ Kc8 69.
Nc6 Nc4+ 70. Ke7 Kb7 71. Ke6 Kxc6 72. d5+ Kb7 73. Bd6 Nxb6 74. Ke7 Nxd5+ 75. Kd7 Nf4 0-1

[Event "Early-Titled-Tuesday-Blitz-February-06-2024"]
[Site "Chess.com"]
[Date "2024.02.06"]
[Round "10"]
[White "disciplinedbrat"]
[Black "zverr1"]
[Result "0-1"]
[WhiteElo "2313"]
[BlackElo "2570"]
[TimeControl "180+1"]
[EndTime "9:57:18 PST"]
[Termination "zverr1 won by checkmate"]

1. e4 c5 2. Nf3 Nc6 3. Bc4 g6 4. O-O Bg7 5. c3 d6 6. h3 Nf6 7.
Re1 O-O 8. d4 cxd4 9. cxd4 d5 10.
exd5 Nxd5 11. Nc3 Nb6 12. d5 Nxc4 13. dxc6 Qxd1 14. Nxd1 bxc6 15. Rxe7 Rd8 16. Re1 Bf5 17. Bg5 Rd7 18. Rc1 Nxb2 19. Nxb2 Bxb2 20. Rxc6 Kg7 21. Ne5 Rb7 22. Bf6+ Kg8 23. g4 Be6 24. g5 Bxa2 25. Nc4 Bxc4 26. Bxb2 Rxb2 27. Rxc4 Rb5 28. h4 Rf5 29.
Ree4 a5 30. Kg2 Kf8 31. Kg3 Re8 32. Red4 Ree5 33. f4 Re3+ 34. Kg4 Re8 35. Ra4 Ra8 36. Rd7 Ke8 37. Rb7 Kf8 38. Re4 Rc5 39. Ree7 Rf5 40. Re4 a4 41. Re2 a3 42. Rb1 a2 43. Ra1 Rfa5 44. h5 Ra3 45. hxg6 hxg6 46. Rh2 R8a4 47.
Rh8+ Ke7 48. Re1+ Kd7 49. Ra1 Rb4 50. Rh2 Rba4 51. Rd2+ Kc6 52. Rc1+ Kb5 53. Rb2+ Rb4 54. Rf2 Rb1 55. Rxa2 Rxc1 56. Rxa3 Rc7 57. Re3 Rd7 58. Re5+ Kc4 59. f5 Rd4+ 60. Kg3 gxf5 61. Rxf5 Rd7 62. Kf4 Kd4 63. Ra5 Rc7 64. Kf5 Ke3 65. Kf6 Kf4 66.
Rf5+ Kg4 67. Kg7 Kxf5 68. Kh6 Rc8 69. Kg7 Kxg5 70. Kxf7 Rc6 71. Ke7 Kf5 72. Kd7 Re6 73. Kc7 Ke5 74. Kd7 Kd5 75. Kc7 Rd6 76. Kb7 Rc6 77.
Ka7 Kc5 78. Kb7 Kb5 79. Ka7 Rb6 80. Ka8 Kc6 81. Ka7 Kc7 82. Ka8 Ra6# 0-1

[Event "Early-Titled-Tuesday-Blitz-February-06-2024"]
[Site "Chess.com"]
[Date "2024.02.06"]
[Round "10"]
[White "Goryachkina"]
[Black "Njal28"]
[Result "1/2-1/2"]
[WhiteElo "2673"]
[BlackElo "3044"]
[TimeControl "180+1"]
[EndTime "9:57:25 PST"]
[Termination "Game drawn by stalemate"]

1. e4 g6 2. d4 Bg7 3. Nf3 Nf6 4.
Nc3 d5 5. e5 Ne4 6. Nxe4 dxe4 7. Ng5 c5 8. c3 cxd4 9. Qxd4 O-O 10. Qxd8 Rxd8 11. Bc4 e6 12. Nxe4 Bxe5 13. Bg5 Rf8 14.
Be7 Re8 15. Nf6+ Bxf6 16. Bxf6 Nd7 17. Bg5 f6 18. Be3 Ne5 19. Be2 Bd7 20. f4 Nf7 21. O-O-O Bc6 22. Rhg1 e5 23. Bc4 Kg7 24. Bxf7 Kxf7 25.
fxe5 Rxe5 26. Bd4 Re2 27. Rdf1 f5 28. g4 Be4 29. gxf5 Bxf5 30. Rf2 Rae8 31. Rd1 a6 32. Rxe2 Rxe2 33. Rd2 Re1+ 34. Rd1 Re4 35. b3 h5 36. Kd2 Rg4 37. Re1 g5 38. Rg1 Rh4 39. Rxg5 Rxh2+ 40. Ke3 Bg6 41. a4 h4 42. Kf4 h3 43. Be5 Rf2+ 44.
Ke3 h2 45. Bxh2 Rxh2 46. Rc5 Rh3+ 47. Kd4 Rh4+ 48. Ke3 Re4+ 49. Kd2 Re7 50. a5 Ke6 51. c4 Be8 52. Kc3 Kd6 53. b4 Bc6 54. Rg5 Re5 55. Rg6+ Re6 56. Rg5 Re3+ 57. Kd4 Re4+ 58. Kc3 Re7 59.
b5 Be4 60. Rh5 Kc7 61. Kb4 Bd3 62. Kc5 Be4 63. Rh6 axb5 64. cxb5 Re5+ 65. Kd4 Re7 66.
Kc5 Bg2 67. b6+ Kd7 68. Rd6+ Ke8 69. Rg6 Bf3 70. Rg8+ Kd7 71. Rg6 Re5+ 72. Kb4 Bc6 73. Rg7+ Kd6 74. Rg6+ Re6 75. Rxe6+ Kxe6 76. a6 bxa6 77.
Ka3 Bb7 78. Kb2 Kd5 79. Ka1 Kc6 80. Kb2 Kxb6 81. Ka1 a5 82. Kb2 Kb5 83. Ka1 Kb4 84.
Kb2 a4 85. Ka1 Ka3 86. Kb1 Bf3 87. Ka1 Bd1 88. Kb1 Bb3 89. Ka1 Ba2 1/2-1/2

[Event "Early-Titled-Tuesday-Blitz-February-06-2024"]
[Site "Chess.com"]
[Date "2024.02.06"]
[Round "10"]
[White "ansko1999"]
[Black "snowlord"]
[Result "0-1"]
[WhiteElo "2676"]
[BlackElo "2861"]
[TimeControl "180+1"]
[EndTime "9:57:26 PST"]
[Termination "snowlord won by checkmate"]

1. Nf3 b6 2. e4 Bb7 3. Nc3 e6 4. d4 Bb4 5. Bd3 Nf6 6. Qe2 d5 7. exd5 Bxc3+ 8. bxc3 Qxd5 9. O-O Qh5 10. Ne5 Qxe2 11.
Bxe2 Nbd7 12. Bf4 Nd5 13. Bf3 O-O-O 14. Bxd5 Bxd5 15. c4 Nxe5 16. Bxe5 Bxc4 17. Rfd1 f6 18. Bf4 h5 19. h4 Rd5 20. c3 Ra5 21. a3 Rd8 22. f3 Rb5 23. Rab1 a6 24. Kf2 Kb7 25. Rxb5 axb5 26. Re1 c5 27. Rd1 Kc6 28. Be3 Ra8 29.
Bc1 Bd5 30. Ke3 g5 31. hxg5 fxg5 32. Kf2 Rg8 33. Rh1 h4 34. Re1 g4 35. fxg4 Rxg4 36.
Rg1 cxd4 37. cxd4 Rxd4 38. Rh1 Rc4 39. Bg5 Rc2+ 40. Ke3 Rxg2 41. Bxh4 Kb7 42. Rc1 Rh2 43. Be7 Rh3+ 44. Kd4 Rh7 45. Bb4 Rh4+ 46. Ke5 Re4+ 47. Kd6 Bc4 48. Rg1 Rd4+ 49. Ke5 Rd5+ 50. Ke4 Rf5 51.
Rg7+ Kc6 52. Rh7 Bd5+ 53. Ke3 Rf3+ 54. Kd4 Rf4+ 55. Ke3 Re4+ 56. Kd3 Rg4 57. Re7 Bc4+ 58. Ke3 Kd5 59. Re8 e5 60. Rd8+ Ke6 61. Re8+ Kf6 62.
Rf8+ Bf7 63. Rb8 Kf5 64. Rf8 Rg3+ 65. Kf2 Rg7 66. Bc3 Ke4 67. Ke2 Bc4+ 68. Kf2 Rh7 69. Re8 Rh2+ 70. Kg3 Rh5 71. Kg4 Rf5 72. Re7 Be2+ 73. Kg3 Kd5 74. Bb4 Rf3+ 75. Kg2 Rf5 76.
Kg3 Kc4 77. Kg2 Bf3+ 78. Kg3 Bd5 79. Kg4 Rf4+ 80. Kg3 Re4 81. Kf3 Rd4+ 82. Ke3 Re4+ 83. Kd2 Kb3 84. Rc7 Bc4 85. Rd7 Re2+ 86. Kd1 Rh2 87.
Rd2 Rh1# 0-1